 Dungeon Crawl Stone Soup version 0.26-a0-538-ge4b5d95 (webtiles) character file.

Game seed: 5485803837386249144

755 MrTaco21 the Cudgeler (level 7, 0/52 HPs)
             Began as a Demonspawn Fighter on Aug 14, 2020.
             Slain by a mummy (3 damage)
             ... in an ossuary.
             The game lasted 00:07:39 (4935 turns).

MrTaco21 the Cudgeler (Demonspawn Fighter)          Turns: 4935, Time: 00:07:40

Health: 0/52       AC: 13    Str: 19    XL:     7   Next: 49%
Magic:  7/7        EV:  7    Int:  9    God:
Gold:   300        SH:  9    Dex: 12    Spells: 6/6 levels left

rFire    . . .     SeeInvis .   a - +0 flail
rCold    . . .     Faith    +   c - +0 kite shield
rNeg     + . .     Spirit   .   b - +0 scale mail
rPois    .         Reflect  .   (helmet restricted)
rElec    .         Harm     .   (no cloak)
rCorr    .                      (no gloves)
MR       .....                  r - +0 pair of boots
Stlth    ..........             m - amulet of faith {!P}
HPRegen  0.17/turn              g - +4 ring of slaying
MPRegen  0.10/turn              w - ring of positive energy

@: sanguine armour
A: horns 1, powered by death 1, spiny 2, sanguine armour 1
a: no special abilities


You were in an ossuary.
You visited 1 branch of the dungeon, and saw 6 of its levels.
You also visited: Sewer and Ossuary.

You collected 300 gold pieces.

Inventory:

Hand Weapons
 a - a +0 flail (weapon)
Missiles
 s - 26 poisoned darts (quivered)
 x - a throwing net {!f}
Armour
 b - a +0 scale mail (worn)
 c - a +0 kite shield (worn)
 r - a +0 pair of boots (worn)
   (You found it on level 3 of the Dungeon)
Jewellery
 g - a +4 ring of slaying (left hand)
   (You found it on level 1 of the Dungeon)
 m - an amulet of faith (around neck) {!P}
   (You found it on level 2 of the Dungeon)
 w - a ring of positive energy (right hand)
   (You found it on level 4 of the Dungeon)
 B - an uncursed ring of stealth {unknown}
   (You found it on level 6 of the Dungeon)
Wands
 t - a wand of enslavement (6)
   (You found it on level 5 of the Dungeon)
Scrolls
 e - 2 scrolls of fog
 f - 7 scrolls of identify {@r1}
 h - a scroll of random uselessness
 p - a scroll of blinking {unknown}
 u - 3 scrolls of teleportation {@r4}
 v - a scroll of amnesia {unknown}
 y - a scroll of remove curse {@r2}
Potions
 d - a potion of might
 i - 2 potions of haste {unknown}
 j - a potion of flight {unknown}
 k - 2 potions of lignification {unknown}
 l - a potion of ambrosia {unknown}
 n - a potion of heal wounds {unknown}
 o - a potion of stabbing {unknown}
 q - 5 potions of curing {unknown}
 z - a potion of cancellation {unknown}
 A - a potion of berserk rage {unknown}


   Skills:
 - Level 3.0 Fighting
 + Level 7.9 Maces & Flails
 - Level 2.6 Armour
 - Level 2.6 Shields


You had 6 spell levels left.
You didn't know any spells.
Your spell library was empty.

Dungeon Overview and Level Annotations

Branches:
Dungeon (6/15)              Sewer (visited)         Ossuary (1/1)
 Temple: D:4-7

Altars:
Gozag
Qazlal


Innate Abilities, Weirdness & Mutations

You have a pair of small horns on your head.
You regenerate a little health from kills.
You are mostly covered in sharp spines.
When seriously injured, your bleeding wounds create armour. (AC +6)


Message History

You destroy the bullfrog zombie!
No target in view!
No target in view!
No target in view!
No target in view!
No target in view!
No target in view!
No target in view!
No target in view!
No target in view!
B - a scratched sapphire ring
Found a hunting sling.
You now have 289 gold pieces (gained 15).
Found a ring mail.
Found 11 gold pieces.
Found a sand-covered staircase.
You now have 300 gold pieces (gained 11).
You hear the quick hiss of an avalanche of sand nearby.
You hear the rapid hiss of an avalanche of sand nearby.
Found a glass ring.
Found 14 stones.
You hear the rapid hiss of an avalanche of sand.
There is a sand-covered staircase here.
The world spins around you as you enter the gateway.
You enter an ossuary! 3 mummies come into view.
Found a gate leading back out of this place.
There is an empty arch of ancient stone here.
You block the mummy's attack. The mummy hits you!
You hit the mummy. You headbutt the mummy. You hit the mummy.
You headbutt the mummy, but do no damage.
You block the mummy's attack. The mummy is struck by your spines.
The mummy hits you!
* * * LOW HITPOINT WARNING * * *
Your blood congeals into armour.
You hit the mummy. You headbutt the mummy!
You destroy the mummy!
The mummy hits you!
* * * LOW HITPOINT WARNING * * *
The mummy is struck by your spines. The mummy hits you but does no damage.
There are monsters nearby!
You sock the mummy! Your headbutt misses the mummy. You barely miss the mummy.
The mummy hits you!
* * * LOW HITPOINT WARNING * * *
The mummy is struck by your spines. The mummy hits you.
* * * LOW HITPOINT WARNING * * *
You hit the mummy. Your headbutt misses the mummy.
The mummy is struck by your spines. The mummy hits you.
You die...

####
######..#
#...@MM##
+.∩.∩...#
#......##
######..#
####


You could see 2 mummies.

Vanquished Creatures
  3 big kobolds (Sewer)
  A howler monkey (D:4)
  A bullfrog zombie (D:6)
  A hound (D:5)
  An orc wizard (D:4)
  A bullfrog skeleton (D:4)
  2 orc priests (D:4)
  Natasha (twice) (D:2)
  2 worker ants
  A mummy (Ossuary)
  4 adders
  6 gnolls
  A white imp (D:5)
  3 oozes
  3 worms (Sewer)
  2 dart slugs (D:2)
  2 leopard geckos
  7 orcs
  3 ball pythons
  6 giant cockroaches
  6 goblins
  4 hobgoblins
  9 jackals
  2 quokkas
  7 bats
  4 frilled lizards
  15 kobolds
  2 leopard gecko skeletons
  A quokka skeleton (D:5)
  13 rats
115 creatures vanquished.

Notes
Turn   | Place    | Note
-------+----------+-------------------------------------------
     0 | D:1      | MrTaco21 the Demonspawn Fighter began the quest for the
                  | Orb.
     0 | D:1      | Reached XP level 1. HP: 18/18 MP: 1/1
    28 | D:1      | Reached skill level 2 in Maces & Flails
   327 | D:1      | Gained mutation: You are partially covered in sharp spines.
                  | [demonic ancestry]
   327 | D:1      | Reached XP level 2. HP: 24/24 MP: 2/2
   604 | D:1      | Reached skill level 3 in Maces & Flails
  1004 | D:2      | Reached XP level 3. HP: 26/29 MP: 3/3
  1211 | D:2      | Found an opulent altar of Gozag.
  1257 | D:2      | Reached skill level 4 in Maces & Flails
  1257 | D:2      | Gained mutation: You have a pair of small horns on your
                  | head. [demonic ancestry]
  1257 | D:2      | Reached XP level 4. HP: 24/35 MP: 4/4
  1546 | D:2      | Noticed Natasha
  1551 | D:2      | Killed Natasha
  1570 | D:2      | Noticed Natasha
  1577 | D:2      | Killed Natasha
  1577 | D:2      | Gained mutation: You regenerate a little health from kills.
                  | [demonic ancestry]
  1577 | D:2      | Reached XP level 5. HP: 32/41 MP: 5/5
  1737 | D:3      | Reached skill level 5 in Maces & Flails
  1866 | D:3      | Found a glowing drain.
  1879 | Sewer    | Entered a sewer
  1942 | Sewer    | Reached skill level 6 in Maces & Flails
  1942 | Sewer    | Gained mutation: When seriously injured, your bleeding
                  | wounds create armour. (AC +6) [demonic ancestry]
  1942 | Sewer    | Reached XP level 6. HP: 30/47 MP: 6/6
  3156 | D:4      | Reached skill level 7 in Maces & Flails
  3156 | D:4      | Gained mutation: You are mostly covered in sharp spines.
                  | [demonic ancestry]
  3156 | D:4      | Reached XP level 7. HP: 50/52 MP: 7/7
  3757 | D:5      | Entered Level 5 of the Dungeon
  4382 | D:6      | Noticed a water elemental
  4387 | D:6      | Found a stormy altar of Qazlal.
  4416 | D:6      | Noticed a fire elemental
  4416 | D:6      | Noticed an air elemental
  4811 | D:6      | Found a sand-covered staircase.
  4925 | Ossuary  | Entered an ossuary
  4932 | Ossuary  | HP: 2/52 [mummy (3)]
  4935 | Ossuary  | Slain by a mummy

Illustrated notes

Levels and vault maps discovered:
D:1:      matt_arrival_grand_opening, layout_basic, minmay_tetromino_t2
D:2:      layout_basic, grunt_gozag_statues, uniq_natasha
D:3:      layout_basic, portal_sewer_entry_f
D:4:      layout_cave_pods
D:5:      layout_rooms, nicolae_overflow_hidden_temple
D:6:      layout_layer_cave, nicolae_ossuary_entry_monument,
          nicolae_qazlal_style_of_elements
Ossuary:  ossuary_minmay_chase

Skill      XL: |  1  2  3  4  5  6 |
---------------+-------------------+-----
Maces & Flails | 2 3 4 6 7 |  7.9
Fighting       | |  3.0
Armour         | |  2.6
Shields        | |  2.6

Action                   |  1- 3 |  4- 6 |  7- 9 || total
-------------------------+-------+-------+-------++-------
Melee: Flail             |    92 |   142 |    47 ||   281
       Headbutt          |       |    20 |    10 ||    30
  Use: Scroll            |       |     4 |     1 ||     5
Armor: Scale mail        |    60 |    43 |    22 ||   125
Dodge: Dodged            |    29 |    32 |    13 ||    74
Block: Kite shield       |    60 |    69 |    12 ||   141

Table legend: (Time is in decaauts)
 A = Elapsed time spent in this place.
 B = Non-inter-level travel time spent in this place.
 C = Inter-level travel time spent in this place.
 D = Time resting spent in this place.
 E = Time spent auto-exploring this place.
 F = Levels seen in this place.
 G = Mean time per level.
                   A        B        C        D        E       F      G
               +--------+--------+--------+--------+--------+-----+--------+
         Total |   5143 |   4967 |    176 |    480 |   3586 |   8 |  642.9 |
       Dungeon |   4249 |   4073 |    176 |    380 |   3061 |   6 |  708.2 |
         Sewer |    884 |    884 |      0 |    100 |    524 |   1 |  884.0 |
       Ossuary |     10 |     10 |      0 |      0 |      0 |   1 |   10.0 |
               +--------+--------+--------+--------+--------+-----+--------+

Top non-repeatable levels by time:
     D:1: 934 daAuts
   Sewer: 884 daAuts
     D:2: 810 daAuts
     D:4: 803 daAuts
     D:5: 607 daAuts
     D:6: 562 daAuts
     D:3: 531 daAuts
 Ossuary: 10 daAuts
